 Dungeon Crawl Stone Soup version 0.30-a0-313-gae38170b09 (webtiles) character file.

Game seed: 12046328523053850659

32 greasedhog the Trooper (level 3, -1/24 HPs)
             Began as a Gargoyle Chaos Knight on Oct 26, 2022.
             Was a Plaything of Xom.
             Engulfed by a steam dragon's steam (12 damage)
             ... on level 1 of the Dungeon.
             The game lasted 00:01:00 (849 turns).

greasedhog the Trooper (Gargoyle Chaos Knight)       Turns: 849, Time: 00:01:01

Health: -1/24      AC:  9    Str: 17    XL:     3   Next: 27%
Magic:  3/3        EV:  9    Int: 12    God:    Xom [......]
Gold:   51         SH:  0    Dex:  9    Spells: 2/2 levels left

rFire   . . .      SeeInvis .    a - +0 mace (chaos)
rCold   . . .      Faith    .    (no shield)
rNeg    + . .      Spirit   .    d - +0 scale mail
rPois   ∞          Reflect  .    (no helmet)
rElec   +          Harm     .    (no cloak)
rCorr   .          Rampage  .    (no gloves)
Will    .....                    (no boots)
Stlth   ..........               (no amulet)
HPRegen 0.24/turn                (no ring)
MPRegen 0.08/turn                (no ring)

@: no status effects
A: sickness immunity, AC +3, negative energy resistance 1, electricity
resistance, torment resistance 1, petrification resistance
a: Renounce Religion


You were on level 1 of the Dungeon.
You worshipped Xom.
You were a very special plaything of Xom.
You visited 1 branch of the dungeon, and saw 1 of its levels.

You collected 51 gold pieces.

Inventory:

Hand Weapons
 a - a +0 mace of chaos (weapon)
Armour
 d - a +0 scale mail (worn)
Scrolls
 b - a scroll of fog {unknown}
 e - a scroll of fear
Potions
 f - a potion of curing
 g - a potion of lignification
Miscellaneous
 c - a piece from Xom's chessboard (15/15) (quivered)


   Skills:
 * Level 3.8 Fighting
 * Level 3.4 Maces & Flails
 * Level 2.9 Armour
 - Level 0.7 Dodging


You had 2 spell levels left.
You didn't know any spells.
Your spell library contained the following spells:

 Spells                   Type           Power      Damage    Failure   Level
 Yara's Violent Unravell  Hex/Tmut       0%         3d3       100%        5
 Enfeeble                 Hex            0%         N/A       100%        7


Dungeon Overview and Level Annotations

Branches:
Dungeon (1/15)

Altars:


Innate Abilities, Weirdness & Mutations

You are immune to sickness and miasma.
Your stone body is resilient. (AC +3)
You are immune to poison.
You resist negative energy. (rN+)
You are resistant to electric shocks. (rElec)
You are resistant to unholy torment.
You are immune to petrification.


Message History

You hit the howler monkey.
The howler monkey is moderately wounded.
The howler monkey hits you.
An endoplasm comes into view.
The howler monkey barely misses you.
You barely miss the howler monkey.
The howler monkey is moderately wounded.
The kobold throws a stone.
The stone completely misses you.
The howler monkey hoots and howls with incredible vigour!
A frilled lizard comes into view.
The kobold throws a stone.
The stone hits you but does no damage.
The frilled lizard hisses angrily.
You hear an angry hiss.
The endoplasm barely misses you.
You hear Xom's avuncular chuckle.
The howler monkey evaporates and reforms as a steam dragon!
The endoplasm jiggles.
There is an open door here.
You hit the endoplasm.
You feel better.
The endoplasm is heavily wounded.
The endoplasm hits you but does no damage.
Okay, then.
You sock the endoplasm!
You kill the endoplasm!
The kobold throws a stone.
The stone closely misses you.
You closely miss the steam dragon. The steam dragon bites you.
The steam dragon claws you. The steam dragon bites you.
The steam dragon barely misses you.
You hit the steam dragon.
Lightning courses through the steam dragon!
The steam dragon is heavily wounded.
A goblin comes into view. It is wielding a +0 dagger.
The steam dragon breathes steam at you. The ball of steam misses you.
The goblin shouts!
You hear a shout!
You hit the steam dragon. You burn the steam dragon.
The steam dragon is almost dead.
You are engulfed in a cloud of scalding steam.
Ouch! That really hurt!
You die...
Xom snickers!

##.## #.#. #.# #.#. #.#
#... # ## ##+## ###. #.
.# ##...## #. #..#####.
##.....## ###
#.......##.......## ##.#
##....l##§§.......####...
#.....KD@§§.......)......
##.....##§§.......####...
##..)####.......## ##.#
##g# ##.....## ### #.
##...## ##. # ##+## #.#
##. ## #


You could see a steam dragon (catching breath), a goblin, a kobold and a frilled
lizard.

Vanquished Creatures
  4 ball pythons (D:1)
  4 endoplasms (D:1)
  3 goblins (D:1)
  2 hobgoblins (D:1)
  7 jackals (D:1)
  2 kobolds (D:1)
  A quokka (D:1)
  2 frilled lizards (D:1)
  A rat (D:1)
26 creatures vanquished.

Notes
Turn   | Place    | Note
-------+----------+-------------------------------------------
     0 | D:1      | greasedhog the Gargoyle Chaos Knight began the quest for
                  | the Orb.
     0 | D:1      | Reached XP level 1. HP: 14/14 MP: 1/1
    19 | D:1      | XOM: silly message
    80 | D:1      | Found a faded altar of an unknown god.
   228 | D:1      | Reached XP level 2. HP: 18/19 MP: 2/2
   614 | D:1      | Reached XP level 3. HP: 24/24 MP: 3/3
   711 | D:1      | XOM: smoke on damage
   844 | D:1      | a howler monkey changed into a steam dragon
   844 | D:1      | Noticed a steam dragon
   844 | D:1      | XOM: polymorph howler monkey -> steam dragon
   849 | D:1      | Engulfed by a steam dragon's steam

Illustrated notes

Levels and vault maps discovered:
D:1:      lightli_arrival_windingriver, layout_loops_corners,
          basic_ecumenical_altar, chequers_serial_rivers_micro_b

Action                   || total
-------------------------++-------
Melee: Mace              ||    70
  Use: Scroll            ||     3
Armor: Scale mail        ||    36
Dodge: Dodged            ||    40

Table legend: (Time is in decaauts)
 A = Elapsed time spent in this place.
 B = Non-inter-level travel time spent in this place.
 C = Inter-level travel time spent in this place.
 D = Time resting spent in this place.
 E = Time spent auto-exploring this place.
 F = Levels seen in this place.
 G = Mean time per level.
                   A        B        C        D        E       F      G
               +--------+--------+--------+--------+--------+-----+--------+
         Total |    867 |    867 |      0 |      0 |    694 |   1 |  867.0 |
       Dungeon |    867 |    867 |      0 |      0 |    694 |   1 |  867.0 |
               +--------+--------+--------+--------+--------+-----+--------+

Top non-repeatable levels by time:
     D:1: 867 daAuts
